 Dungeon Crawl Stone Soup version 0.17.1-2-g5865329 (webtiles) character file.

6327 kestel the Protected (level 10, -2/92 HPs)
             Began as a Deep Dwarf Berserker on Jan 15, 2016.
             Was an Elder of Trog.
             Splashed by a brown ugly thing's acid (9 damage)
             ... on level 11 of the Dungeon.
             The game lasted 01:18:57 (8380 turns).

kestel the Protected (Deep Dwarf Berserker)         Turns: 8380, Time: 01:18:57

Health: -2/92      AC:  6    Str: 26    XL:     10   Next: 64%
Magic:  0/0        EV: 10    Int:  7    God:    Trog [****..]
Gold:   494        SH:  0    Dex: 13    Spells: 0 memorised, 9 levels left

rFire  . . .     SeeInvis .     a - +1 hand axe (flame)
rCold  + . .     Clarity  .     L - +2 plate armour
rNeg   . . .     SustAt   .     (no shield)
rPois  +         Gourm    .     t - +0 helmet
rElec  .         Spirit   .     X - +0 cloak
rCorr  .         Warding  .     b - +2 pair of gloves
rMut   .         Stasis   .     (no boots)
MR     +....                    (no amulet)
Stlth  ..........               C - ring of poison resistance
                                G - ring of protection from cold

@: corroded equipment, non-regenerating, somewhat resistant to hostile
enchantments, extremely unstealthy
A: damage resistance, recharge devices, sense surroundings 2, slow regeneration
3, strong 1
a: Device Recharging, Berserk, Trog's Hand, Brothers in Arms, Burn Spellbooks,
Renounce Religion


You were on level 11 of the Dungeon.
You worshipped Trog.
Trog was greatly pleased with you.
You were not hungry.

You visited 2 branches of the dungeon, and saw 11 of its levels.

You collected 494 gold pieces.

Inventory:

Hand Weapons
 a - a +1 hand axe of flaming (weapon)
 P - a +1 dagger of venom
 Q - a +3 scimitar of flaming
Missiles
 f - 128 stones (quivered)
 i - 3 tomahawks
Armour
 b - a +2 pair of gloves (worn)
 q - a +0 buckler
 t - a +0 helmet (worn)
 L - a +2 plate armour (worn)
 T - a troll hide
 X - a +0 cloak (worn)
Jewellery
 k - an uncursed ring of teleportation
 y - an uncursed ring of flight {unknown}
 C - a ring of poison resistance (right hand)
 G - a ring of protection from cold (left hand)
Wands
 c - a wand of heal wounds (4)
 p - a wand of enslavement (5)
 r - a wand of polymorph (5)
Scrolls
 e - a scroll of immolation
 n - a scroll of enchant weapon
 u - a scroll of remove curse
 x - a scroll of noise
 A - a scroll of blinking {unknown}
 H - 2 scrolls of fog
 I - a scroll of random uselessness {unknown}
 U - 2 scrolls of amnesia
 V - 3 scrolls of recharging
 W - 8 scrolls of identify
 Y - a scroll of magic mapping
Potions
 g - a potion of heal wounds
 j - 2 potions of cure mutation {unknown}
 l - a potion of experience {unknown}
 o - a potion of might {unknown}
 s - 2 potions of curing
 z - 2 potions of brilliance {unknown}
 B - a potion of poison {unknown}
 D - a potion of resistance {unknown}
 E - a potion of lignification {unknown}
 F - 2 potions of cancellation {unknown}
 K - 3 potions of agility {unknown}
 M - a potion of haste
 N - 2 potions of ambrosia
Miscellaneous
 Z - a sack of spiders
Comestibles
 d - 4 bread rations
 h - 7 meat rations
 m - 2 beef jerkies
 v - a royal jelly


   Skills:
 + Level 6.9 Fighting
 + Level 1.6(2.0) Short Blades
 + Level 1.8(2.2) Long Blades
 + Level 6.5(7.5) Axes
   Level 5.4(6.6) Maces & Flails
 + Level 5.1 Throwing
 + Level 9.4 Armour
 + Level 5.2 Dodging
 + Level 2.6 Stealth
 + Level 3.5 Shields
 + Level 3.6 Evocations


You had 9 spell levels left.
You didn't know any spells.

Dungeon Overview and Level Annotations

Branches:
Dungeon (11/15)            Temple (1/1) D:5            Lair (0/8) D:9
    Orc: D:9-12

Altars:
Ashenzari
Cheibriados
Dithmenos
Elyvilon
Fedhas
Gozag
Kikubaaqudgha
Makhleb
Nemelex Xobeh
Okawaru
Qazlal
Ru
Sif Muna
Trog
Vehumet
Xom
Yredelemnul
Zin
The Shining One

Annotations:
D:10 4 runed doors


Innate Abilities, Weirdness & Mutations

You are resistant to damage.
You can recharge devices by infusing magical energy.
You passively map the area around you.
You do not regenerate naturally.
Your muscles are strong. (Str +2)


Message History

You completely miss the brown ugly thing.
The brown ugly thing is lightly wounded.
The brown ugly thing stings you.
You are splashed with acid!
The acid corrodes you!
The acid burns!
You hit the brown ugly thing but do no damage.
The brown ugly thing is lightly wounded.
The brown ugly thing stings you!
You are splashed with acid!
The acid corrodes you!
The acid burns!
You hit the brown ugly thing but do no damage.
The brown ugly thing is lightly wounded.
The brown ugly thing stings you!
* * * LOW HITPOINT WARNING * * *
You are splashed with acid!
The acid burns!
* * * LOW HITPOINT WARNING * * *
You hit the brown ugly thing but do no damage.
The brown ugly thing is lightly wounded.
The brown ugly thing stings you!
* * * LOW HITPOINT WARNING * * *
You are splashed with acid!
The acid burns!
You die...

* , , * ## ... ,,, * *
* ...#.. , *,. , *
##.##.###########.# , *
.....(............., *
, ,...................
* ,,................ *
(....##..###....# , *
........au@....# , ** *
,####..####.###....#, ,
, ,
##,.......#####.....##,
. #.....#...).#...#* ,
# *#.....#.###(#...####
# #....#)##.......... #
#######.##....#.####
#####..))...#.....#.#
...##.########....#.#


You could see a brown ugly thing and a worker ant.

Vanquished Creatures
  Erica (D:8)
  2 hill giants
  Grinder (D:4)
  A two-headed ogre (D:10)
  A trapdoor spider zombie (D:10)
  A shadow (D:11)
  A deep elf mage (D:11)
  The ghost of matthes123 the Archer, an amateur CeHu (D:3)
  A hippogriff (D:10)
  A steam dragon (D:11)
  A sky beast (D:5)
  A black bear (D:3)
  A phantom (D:4)
  An orc warrior (D:11)
  3 crocodiles
  An ice beast (D:10)
  A centaur (D:9)
  2 ogres
  3 giant frogs
  A gnoll sergeant (D:10)
  2 scorpions
  12 killer bees
  2 hounds
  2 orc priests
  A quasit (D:10)
  2 centaur zombies
  4 crimson imps
  5 orc wizards
  2 jellies
  4 giant frog skeletons
  9 worker ants
  A killer bee zombie (D:9)
  A hound zombie (D:8)
  A worker ant zombie (D:10)
  8 gnolls
  6 adders
  2 river rats (D:9)
  A shadow imp (D:5)
  A white imp (D:6)
  2 adder skeletons
  2 worms
  4 giant geckos
  17 orcs
  4 goblins (D:3)
  2 hobgoblins (D:3)
  3 jackals (D:3)
  2 kobolds (D:3)
  3 quokkas
  10 bats
  12 giant cockroaches
  3 giant gecko zombies
  A giant newt (D:2)
  15 rats
  6 fungi (D:9)
  7 plants (D:9)
185 creatures vanquished.

Vanquished Creatures (collateral kills)
  A troll (D:10)
1 creature vanquished.

Vanquished Creatures (others)
  A fungus (D:9)
1 creature vanquished.

Grand Total: 187 creatures vanquished

Notes
Turn   | Place    | Note
--------------------------------------------------------------
     0 | D:1      | kestel the Deep Dwarf Berserker began the quest for the Orb.
     0 | D:1      | Reached XP level 1. HP: 20/20 MP: 1/1
   228 | D:1      | You fall through a shaft!
   280 | D:2      | Reached XP level 2. HP: 20/27 MP: 2/2
  1049 | D:3      | Reached XP level 3. HP: 31/33 MP: 1/1
  1263 | D:3      | Noticed matthes123's ghost (amateur CeHu)
  1271 | D:3      | Killed matthes123's ghost
  1271 | D:3      | Reached skill level 4 in Maces & Flails
  1271 | D:3      | Reached skill level 1 in Throwing
  1271 | D:3      | Reached XP level 4. HP: 42/42 MP: 2/2
  1271 | D:3      | Reached XP level 5. HP: 49/49 MP: 3/3
  1517 | D:3      | Reached ** piety under Trog
  1976 | D:3      | Found a bloodstained altar of Trog.
  1993 | D:3      | Found a snail-covered altar of Cheibriados.
  2215 | D:3      | Noticed a black bear
  2227 | D:3      | Killed a black bear
  2227 | D:3      | Reached XP level 6. HP: 35/56 MP: 2/2
  2515 | D:4      | Noticed Grinder
  2537 | D:4      | Killed Grinder
  2537 | D:4      | Reached skill level 1 in Short Blades
  2537 | D:4      | Reached skill level 1 in Stealth
  2711 | D:4      | Reached XP level 7. HP: 53/62 MP: 3/3
  3315 | D:5      | Entered Level 5 of the Dungeon
  3341 | D:5      | Reached skill level 5 in Armour
  3375 | D:5      | Reached skill level 1 in Evocations
  3548 | D:5      | Found a shimmering altar of Xom.
  3707 | D:5      | Gained mutation: Your muscles are strong. (Str +2) [mutagenic meat]
  3821 | D:5      | Found a radiant altar of Vehumet.
  3918 | D:5      | Found a glowing golden altar of the Shining One.
  4006 | D:5      | Found a staircase to the Ecumenical Temple.
  4019 | Temple   | Entered the Ecumenical Temple
  4313 | D:6      | Reached XP level 8. HP: 66/72 MP: 2/2
  4342 | D:6      | You fall through a shaft for 2 floors!
  4453 | D:8      | Found a basalt altar of Yredelemnul.
  4453 | D:8      | Found a stormy altar of Qazlal.
  4502 | D:8      | Found a runed door.
  4515 | D:8      | Noticed Erica
  4544 | D:8      | Killed Erica
  4544 | D:8      | Reached *** piety under Trog
  4544 | D:8      | Reached skill level 5 in Maces & Flails
  4544 | D:8      | Reached skill level 7 in Armour
  4651 | D:8      | Reached skill level 5 in Fighting
  4682 | D:8      | Found a flagged portal.
  4842 | D:8      | Found a runed door.
  4870 | D:8      | Gained mutation: You passively map the area around you. [Deep Dwarf growth]
  4870 | D:8      | Reached XP level 9. HP: 78/81 MP: 1/1
  4879 | D:8      | Reached skill level 1 in Long Blades
  5942 | D:10     | Entered Level 10 of the Dungeon
  5949 | D:10     | Reached **** piety under Trog
  6145 | D:10     | Found a huge runed gate.
  6163 | D:10     | Noticed a centaur zombie
  6181 | D:10     | Killed a centaur zombie
  6181 | D:10     | Reached skill level 8 in Armour
  6181 | D:10     | Reached skill level 1 in Shields
  6185 | D:10     | Found a huge runed gate.
  6185 | D:10     | Found a huge runed gate.
  6185 | D:10     | Found a huge runed gate.
  6353 | D:10     | Noticed a hill giant
  6367 | D:10     | Killed a hill giant
  6367 | D:10     | Reached skill level 5 in Axes
  6367 | D:10     | Reached XP level 10. HP: 91/91 MP: 1/1
  6459 | D:10     | Reached skill level 5 in Throwing
  7215 | D:11     | Noticed a hill giant
  7224 | D:11     | Killed a hill giant
  7224 | D:11     | Reached skill level 9 in Armour
  7224 | D:11     | Reached skill level 5 in Dodging
  7334 | D:11     | Got an encrusted arbalest
  7936 | D:11     | Noticed a brown ugly thing
  8380 | D:11     | Splashed by a brown ugly thing's acid

Action                   |  1- 3 |  4- 6 |  7- 9 | 10-12 || total
-------------------------+-------+-------+-------+-------++-------
Melee: Mace              |    61 |     8 |    74 |       ||   143
       Dagger            |       |    47 |       |       ||    47
       Spear             |       |    22 |       |       ||    22
       War axe           |       |       |    54 |       ||    54
       Flail             |       |       |    30 |       ||    30
       Scimitar          |       |       |    66 |       ||    66
       Hand axe          |       |       |   282 |   228 ||   510
Throw: Tomahawk          |    18 |    10 |     6 |       ||    34
       Stone             |     1 |       |    77 |    11 ||    89
Invok: Berserk           |     2 |     2 |    11 |     4 ||    19
       Brothers in Arms  |       |       |       |     2 ||     2
 Abil: Device Recharging |     2 |     2 |     7 |     1 ||    12
Evoke: Wand              |     1 |     3 |    14 |    11 ||    29
  Use: Scroll            |       |     4 |     9 |     3 ||    16
       Potion            |       |       |     3 |     2 ||     5
  Eat: Chunk             |     2 |     6 |    17 |     4 ||    29
       Beef jerky        |       |     1 |     1 |       ||     2
       Fruit             |       |       |     1 |       ||     1
       Meat ration       |       |       |     1 |       ||     1
       Bread ration      |       |       |       |     2 ||     2
